[Event "DMP Ekstraliga 2020"]
[Site "Krakow"]
[Date "2020.08.31"]
[Round "6.29"]
[White "Zwardon, Vojtech"]
[Black "Murdzia, Piotr"]
[Result "1/2-1/2"]
[ECO "A20"]
[WhiteElo "2481"]
[BlackElo "2423"]
[Annotator "ChessBase"]
[PlyCount "185"]
[EventDate "2020.08.26"]
[EventType "team-tourn"]
[EventCountry "POL"]
[SourceTitle "playchess.com"]
[Source "ChessBase"]
[SourceQuality "1"]
[WhiteTeam "Dwie Wieze Krakow"]
[BlackTeam "Miedz Legnica"]
[TimeControl "30/5400+30:1800+30"]

1. c4 e5 2. g3 Nf6 3. Bg2 c6 4. Nf3 e4 5. Nd4 d5 6. cxd5 Qxd5 7. e3 Na6 8. Nc3 Qe5 9. f4 exf3 10. Nxf3 Qh5 11. O-O Bh3 12. Bxh3 Qxh3 13. Qb3 Qd7 14. d4 Bb4 15. e4 O-O 16. e5 Nd5 17. Nxd5 Qxd5 18. Qxd5 cxd5 19. a3 Ba5 20. Be3 Nc7 21. Nh4 g6 22. Ng2 Ne6 23. Nf4 Nxf4 24. Rxf4 f5 25. exf6 Rae8 26. Rf3 Bb6 27. Rd1 Re4 28. Kg2 Kf7 29. a4 Rfe8 30. Rd3 Rc8 31. Rb3 Rc7 32. Rb4 Rd7 33. Kf2 h5 34. h4 Re6 35. Bg5 Re4 36. Rd3 Ba5 37. Rb5 Bb6 38. Kf3 Rxd4 39. Re3 Bd8 40. Reb3 b6 41. a5 Bxf6 42. axb6 axb6 43. Bxf6 Kxf6 44. Rxb6+ Kf5 45. Re3 Re4 46. Rd3 Re6 47. Rb4 Re5 48. Ra3 g5 49. hxg5 Kxg5 50. Rd3 Rf5+ 51. Kg2 Re7 52. Kh3 Re4 53. Rb8 d4 54. Rd8 Rf2 55. Rd5+ Kg6 56. Rd6+ Kg5 57. Rb3 h4 58. Rb5+ Rf5 59. Rdd5 Rxd5 60. Rxd5+ Kf6 61. g4 Ke6 62. Rd8 Ke7 63. Rc8 d3 64. Rc1 Rb4 65. Rd1 Rxb2 66. Rxd3 Kf6 67. Kxh4 Rh2+ 68. Kg3 Ra2 69. Rd5 Kg6 70. Rd8 Ra1 71. Kf4 Rf1+ 72. Ke3 Ra1 73. Kf3 Rf1+ 74. Ke2 Ra1 75. Kf3 Rf1+ 76. Kg2 Ra1 77. Rd5 Ra3 78. Rd8 Rb3 79. Kg1 Ra3 80. Kf2 Rb3 81. Re8 Ra3 82. Re3 Rxe3 83. Kxe3 Kg5 84. Kf3 Kg6 85. Kf4 Kf6 86. g5+ Kg6 87. Kg4 Kg7 88. Kf5 Kf7 89. g6+ Kg7 90. Kg5 Kg8 91. Kh6 Kh8 92. g7+ Kg8 93. Kg6 1/2-1/2

[Event "DMP Ekstraliga 2020"]
[Site "Krakow"]
[Date "2020.08.31"]
[Round "6.30"]
[White "Kiolbasa, Oliwia"]
[Black "Leks, Maria"]
[Result "1-0"]
[ECO "C84"]
[WhiteElo "2160"]
[BlackElo "2080"]
[Annotator "ChessBase"]
[PlyCount "151"]
[EventDate "2020.08.26"]
[EventType "team-tourn"]
[EventCountry "POL"]
[SourceTitle "playchess.com"]
[Source "ChessBase"]
[SourceQuality "1"]
[WhiteTeam "Miedz Legnica"]
[BlackTeam "Dwie Wieze Krakow"]
[TimeControl "30/5400+30:1800+30"]

1. e4 e5 2. Nf3 Nc6 3. Bb5 a6 4. Ba4 Nf6 5. O-O Be7 6. d3 b5 7. Bb3 d6 8. a3 O-O 9. Nc3 Na5 10. Ba2 c5 11. b4 Nc6 12. Nd5 Be6 13. c3 Rc8 14. Be3 Nb8 15. Nxf6+ Bxf6 16. Bxe6 fxe6 17. bxc5 dxc5 18. a4 b4 19. cxb4 cxb4 20. Qb3 Qd6 21. Rac1 a5 22. Nd2 Rxc1 23. Rxc1 Rd8 24. Nc4 Qxd3 25. Nxa5 Qxb3 26. Nxb3 Rd3 27. Nd2 Kf7 28. a5 Ra3 29. Nc4 Ra2 30. g3 Na6 31. Rd1 Rc2 32. Rd6 Rxc4 33. Rxa6 b3 34. Rb6 Ra4 35. a6 Be7 36. Kg2 b2 37. Rxb2 Rxa6 38. Rb7 Kf6 39. g4 h6 40. h4 Bd6 41. h5 Ra2 42. Kg3 Rc2 43. g5+ hxg5 44. Rd7 Ba3 45. Kg4 Bc1 46. Bb6 Rc8 47. Bd8+ Rxd8 48. Rxd8 Bf4 49. Rd7 Bc1 50. f3 Bf4 51. Kh3 g6 52. hxg6 Kxg6 53. Kg2 Bc1 54. Kf2 Bf4 55. Ke2 Bc1 56. Rd1 Bf4 57. Rg1 Kf6 58. Kd3 Ke7 59. Kc4 Kd6 60. Kb5 Be3 61. Ra1 Bd4 62. Ra8 Kd7 63. Ka6 Kc7 64. Re8 Kd7 65. Rg8 Be3 66. Kb7 Kd6 67. Rg7 Bf4 68. Kc8 Be3 69. Kd8 Kc5 70. Rd7 Kc4 71. Ke7 Bd4 72. Kxe6 Kd3 73. Kf5 Ke2 74. Kxg5 Kxf3 75. Kf5 Kg3 76. Re7 1-0

[Event "DMP Ekstraliga 2020"]
[Site "Krakow"]
[Date "2020.09.01"]
[Round "7.2"]
[White "Bluebaum, Matthias"]
[Black "Heberla, Bartlomiej"]
[Result "1-0"]
[ECO "D02"]
[WhiteElo "2647"]
[BlackElo "2566"]
[Annotator "RC"]
[PlyCount "77"]
[EventDate "2020.08.26"]
[EventType "team-tourn"]
[EventCountry "POL"]
[SourceTitle "playchess.com"]
[Source "ChessBase"]
[SourceQuality "1"]
[WhiteTeam "Stilon Gorzow"]
[BlackTeam "Miedz Legnica"]
[TimeControl "30/5400+30:1800+30"]

1. d4 d5 2. Nf3 e6 3. c4 a6 4. cxd5 exd5 5. Nc3 Nf6 6. Bf4 Bd6 7. Bg3 O-O 8. e3 Bg4 9. Bd3 Re8 10. Bh4 c6 11. Qb3 b5 12. Qc2 h6 13. h3 Bxf3 14. gxf3 Nbd7 15. O-O-O Be7 16. Kb1 Nb6 17. Rhg1 Kh8 18. Ne2 Nc4 19. Ng3 Ng8 20. Bxe7 Nxe7 21. Nh5 g6 22. Nf6 Rf8 23. f4 Qd6 24. Ng4 f5 25. Ne5 Nxe5 26. fxe5 Qe6 27. h4 Rac8 28. f4 h5 29. Rg5 Rg8 30. Rdg1 Rg7 31. Qc5 Rcg8 32. Qd6 Qc8 33. Be2 Rd8 34. Rxh5+ Kg8 35. Qc5 gxh5 36. Rxg7+ Kxg7 37. Qxe7+ Kh8 38. Qf6+ Kg8 39. Bxh5 1-0

[Event "DMP Ekstraliga 2020"]
[Site "Krakow"]
[Date "2020.09.01"]
[Round "7.9"]
[White "Hnydiuk, Aleksander"]
[Black "Leniart, Arkadiusz"]
[Result "1/2-1/2"]
[ECO "A05"]
[WhiteElo "2411"]
[BlackElo "2482"]
[Annotator "RC"]
[PlyCount "44"]
[EventDate "2020.08.26"]
[EventType "team-tourn"]
[EventCountry "POL"]
[SourceTitle "playchess.com"]
[Source "ChessBase"]
[SourceQuality "1"]
[WhiteTeam "Wieza Pegow"]
[BlackTeam "Dwie Wieze Krakow"]
[TimeControl "30/5400+30:1800+30"]

1. Nf3 Nf6 2. c4 e6 3. g3 d5 4. d4 Bb4+ 5. Bd2 Be7 6. Bg2 O-O 7. O-O Nbd7 8. Qc2 Ne4 9. Nc3 Nxd2 10. Nxd2 c6 11. e4 dxc4 12. Nxc4 Nb6 13. Qd3 Nxc4 14. Qxc4 b5 15. Qxc6 Bd7 16. Qa6 b4 17. Ne2 Rb8 18. Rfe1 Bb5 19. Qxa7 Ra8 20. Qb7 Rb8 21. Qa7 Ra8 22. Qb7 Rb8 1/2-1/2

[Event "DMP Ekstraliga 2020"]
[Site "Krakow"]
[Date "2020.09.01"]
[Round "7.27"]
[White "Miton, Kamil"]
[Black "Nurkiewicz, Maciej"]
[Result "1/2-1/2"]
[ECO "A56"]
[WhiteElo "2590"]
[BlackElo "2326"]
[Annotator "RC"]
[PlyCount "71"]
[EventDate "2020.08.26"]
[EventType "team-tourn"]
[EventCountry "POL"]
[SourceTitle "playchess.com"]
[Source "ChessBase"]
[SourceQuality "1"]
[WhiteTeam "HETMAN Katowice"]
[BlackTeam "Wrzos Miedzyborow"]
[TimeControl "30/5400+30:1800+30"]

1. d4 Nf6 2. c4 c5 3. Nf3 e6 4. Nc3 a6 5. e4 cxd4 6. Nxd4 Qc7 7. Be2 Be7 8. O-O O-O 9. Be3 d6 10. Qd2 Nbd7 11. f3 b6 12. Rfc1 Bb7 13. b4 Rac8 14. Na4 Qb8 15. Rab1 Rfe8 16. Kh1 Bd8 17. Bg1 Qa8 18. Bf1 Bc7 19. c5 dxc5 20. bxc5 bxc5 21. Nxc5 Nxc5 22. Rxc5 Nd7 23. Rc2 Be5 24. Nb3 Rxc2 25. Qxc2 Bc6 26. Na5 Bb5 27. Bxb5 axb5 28. Rxb5 Rc8 29. Qd2 Rc7 30. Nb3 Qc8 31. a4 Rc2 32. Qd1 h6 33. a5 Ra2 34. Nc5 Nxc5 35. Rxc5 Qb8 36. Rc2 1/2-1/2

[Event "DMP Ekstraliga 2020"]
[Site "Krakow"]
[Date "2020.09.01"]
[Round "7.28"]
[White "Bartel, Michal"]
[Black "Sadzikowski, Daniel"]
[Result "1/2-1/2"]
[ECO "C12"]
[WhiteElo "2274"]
[BlackElo "2522"]
[Annotator "RC"]
[PlyCount "52"]
[EventDate "2020.08.26"]
[EventType "team-tourn"]
[EventCountry "POL"]
[SourceTitle "playchess.com"]
[Source "ChessBase"]
[SourceQuality "1"]
[WhiteTeam "Wrzos Miedzyborow"]
[BlackTeam "HETMAN Katowice"]
[TimeControl "30/5400+30:1800+30"]

1. e4 e6 2. d4 d5 3. Nc3 Nf6 4. Bg5 Bb4 5. e5 h6 6. Bh4 g5 7. Bg3 Ne4 8. Nge2 c5 9. a3 Bxc3+ 10. Nxc3 cxd4 11. Qxd4 Nc6 12. Bb5 Nxc3 13. Qxc3 Qb6 14. Bxc6+ Qxc6 15. Qxc6+ bxc6 16. h4 Rg8 17. hxg5 hxg5 18. Kd2 c5 19. b4 Ba6 20. Rab1 cxb4 21. axb4 Bb5 22. f3 d4 23. Bf2 O-O-O 24. Rh7 g4 25. Rxf7 gxf3 26. Rxf3 Rxg2 1/2-1/2

[Event "DMP Ekstraliga 2020"]
[Site "Krakow"]
[Date "2020.09.01"]
[Round "7.29"]
[White "Gdanski, Jacek"]
[Black "Sliwerski, Radoslaw"]
[Result "1-0"]
[ECO "A13"]
[WhiteElo "2489"]
[BlackElo "2042"]
[Annotator "RC"]
[PlyCount "129"]
[EventDate "2020.08.26"]
[EventType "team-tourn"]
[EventCountry "POL"]
[SourceTitle "playchess.com"]
[Source "ChessBase"]
[SourceQuality "1"]
[WhiteTeam "HETMAN Katowice"]
[BlackTeam "Wrzos Miedzyborow"]
[WhiteTeamCountry "POL"]
[TimeControl "30/5400+30:1800+30"]

1. Nf3 d5 2. c4 e6 3. g3 Nf6 4. Bg2 c5 5. cxd5 exd5 6. d4 Nc6 7. O-O b6 8. Nc3 Be7 9. Bg5 Be6 10. Ne5 Nxd4 11. e3 Nf5 12. Qa4+ Kf8 13. Rad1 Qe8 14. Qxe8+ Rxe8 15. Nc6 d4 16. exd4 cxd4 17. Nxd4 Nxd4 18. Rxd4 Bc5 19. Rd2 h6 20. Bxf6 gxf6 21. a3 f5 22. b4 Be7 23. Nd5 Rd8 24. Rfd1 Bxd5 25. Rxd5 Kg7 26. Bf3 Kf6 27. Rd7 Rxd7 28. Rxd7 a5 29. Rb7 Bd8 30. Bd5 Rf8 31. Kg2 axb4 32. axb4 f4 33. gxf4 h5 34. Kf3 h4 35. h3 Kg6 36. Rd7 Bf6 37. Rd6 Rb8 38. Kg4 Kg7 39. Rd7 Rf8 40. f3 Bc3 41. b5 Be1 42. Rb7 Bf2 43. Kg5 Be3 44. Bb3 Bf2 45. f5 Be3+ 46. f4 Bd4 47. Rd7 Bf6+ 48. Kg4 Kh6 49. Kf3 Kg7 50. Bd5 Bd8 51. Kg4 Bf6 52. Rb7 Bd4 53. Kxh4 Kf6 54. Kg4 Rg8+ 55. Kf3 Rg7 56. Ke4 Bc5 57. h4 Rh7 58. h5 Bg1 59. h6 Bc5 60. Kf3 Bg1 61. Ke4 Bc5 62. Kd3 Bg1 63. Rc7 Bc5 64. Rc6+ Ke7 65. f6+ 1-0

[Event "DMP Ekstraliga 2020"]
[Site "Krakow"]
[Date "2020.09.02"]
[Round "8.2"]
[White "Cyborowski, Lukasz"]
[Black "Piorun, Kacper"]
[Result "0-1"]
[ECO "A14"]
[WhiteElo "2508"]
[BlackElo "2596"]
[Annotator "RC"]
[PlyCount "136"]
[EventDate "2020.08.26"]
[EventType "team-tourn"]
[EventCountry "POL"]
[SourceTitle "playchess.com"]
[Source "ChessBase"]
[SourceQuality "1"]
[WhiteTeam "Wrzos Miedzyborow"]
[BlackTeam "Stilon Gorzow"]
[BlackTeamCountry "POL"]
[TimeControl "30/5400+30:1800+30"]

1. Nf3 Nf6 2. c4 e6 3. g3 d5 4. Bg2 Be7 5. O-O O-O 6. d4 dxc4 7. Qa4 Qd5 8. Nc3 Qc6 9. Qc2 Qa6 10. Ne5 Rd8 11. Ne4 Nc6 12. Nxc6 bxc6 13. Bg5 Rxd4 14. e3 Rd8 15. Bxf6 Bxf6 16. Rfd1 Rxd1+ 17. Rxd1 Be7 18. Nd2 Qxa2 19. Nxc4 Rb8 20. Ne5 Qxb2 21. Qxb2 Rxb2 22. Nxc6 Kf8 23. Nxa7 Ba6 24. Nc6 Bd6 25. Ra1 Bb7 26. Na5 Bxg2 27. Kxg2 Rc2 28. Ra4 Ke7 29. Nc4 Bc5 30. g4 f6 31. Kf3 Kd7 32. Na5 Bd6 33. h3 g6 34. Nc4 Bc5 35. Na5 e5 36. Rc4 Rxc4 37. Nxc4 Ke6 38. e4 Bd4 39. Ke2 f5 40. exf5+ gxf5 41. f3 Kf6 42. Na5 c5 43. Nc4 Kg5 44. Nd6 fxg4 45. hxg4 Kf4 46. Nc4 e4 47. fxe4 Kxg4 48. e5 Kf5 49. Kf3 Bxe5 50. Ne3+ Ke6 51. Kg4 Bd4 52. Nc4 Kd5 53. Nb6+ Ke4 54. Kh5 Be3 55. Nc4 Kd4 56. Na5 Kd3 57. Nc6 Bf4 58. Kg4 Bc7 59. Kh5 c4 60. Nb4+ Kd4 61. Nc2+ Kd3 62. Nb4+ Ke4 63. Kh6 Bd6 64. Nc2 Bc5 65. Kxh7 Kd3 66. Ne1+ Ke2 67. Ng2 c3 68. Nf4+ Kd2 0-1

[Event "DMP Ekstraliga 2020"]
[Site "Krakow"]
[Date "2020.09.02"]
[Round "8.5"]
[White "Janik, Igor"]
[Black "Sliwerski, Radoslaw"]
[Result "1-0"]
[ECO "B51"]
[WhiteElo "2471"]
[BlackElo "2042"]
[Annotator "ChessBase"]
[PlyCount "59"]
[EventDate "2020.08.26"]
[EventType "team-tourn"]
[EventCountry "POL"]
[SourceTitle "playchess.com"]
[Source "ChessBase"]
[SourceQuality "1"]
[WhiteTeam "Stilon Gorzow"]
[BlackTeam "Wrzos Miedzyborow"]
[TimeControl "30/5400+30:1800+30"]

1. e4 c5 2. Nf3 d6 3. Bb5+ Nd7 4. O-O a6 5. Bd3 Ngf6 6. Re1 g6 7. a4 Bh6 8. c3 Ne5 9. Nxe5 dxe5 10. Bc4 O-O 11. d3 Bxc1 12. Qxc1 Qd6 13. Qg5 Bd7 14. f4 b5 15. axb5 axb5 16. Rxa8 Rxa8 17. fxe5 Qc6 18. Bxf7+ Kxf7 19. exf6 exf6 20. Qh4 Kg8 21. Nd2 Qd6 22. e5 fxe5 23. Ne4 Qxd3 24. Qe7 Rf8 25. Nf6+ Rxf6 26. Qxf6 e4 27. Qd8+ Kf7 28. Rf1+ Bf5 29. Qxd3 exd3 30. g4 1-0

[Event "DMP Ekstraliga 2020"]
[Site "Krakow"]
[Date "2020.09.02"]
[Round "8.6"]
[White "Kulon, Klaudia"]
[Black "Antolak, Julia"]
[Result "1/2-1/2"]
[ECO "A45"]
[WhiteElo "2336"]
[BlackElo "2323"]
[Annotator "ChessBase"]
[PlyCount "65"]
[EventDate "2020.08.26"]
[EventType "team-tourn"]
[EventCountry "POL"]
[SourceTitle "playchess.com"]
[Source "ChessBase"]
[SourceQuality "1"]
[WhiteTeam "Wrzos Miedzyborow"]
[BlackTeam "Stilon Gorzow"]
[TimeControl "30/5400+30:1800+30"]

1. d4 Nf6 2. Bf4 b6 3. Nf3 Bb7 4. e3 g6 5. h3 Bg7 6. Bd3 O-O 7. O-O c5 8. c3 d6 9. Nbd2 Nbd7 10. Bh2 a6 11. a4 Ra7 12. Qe2 Qa8 13. e4 cxd4 14. cxd4 e5 15. d5 a5 16. Nc4 Qb8 17. Rfb1 Ba6 18. b4 Bxc4 19. Bxc4 Qd8 20. Nd2 Bh6 21. Bd3 Bxd2 22. Qxd2 axb4 23. Rxb4 Nc5 24. Bc2 Nfd7 25. f4 f6 26. h4 Qe7 27. Rf1 Rfa8 28. Qd1 Na6 29. Rc4 Nac5 30. g4 Ra5 31. Rb4 Na6 32. Rc4 Nac5 33. Rb4 1/2-1/2

[Event "DMP Ekstraliga 2020"]
[Site "Krakow"]
[Date "2020.09.02"]
[Round "8.11"]
[White "Wieczorek, Oskar"]
[Black "Sadzikowski, Daniel"]
[Result "0-1"]
[ECO "C25"]
[WhiteElo "2493"]
[BlackElo "2522"]
[Annotator "RC"]
[PlyCount "116"]
[EventDate "2020.08.26"]
[EventType "team-tourn"]
[EventCountry "POL"]
[SourceTitle "playchess.com"]
[Source "ChessBase"]
[SourceQuality "1"]
[WhiteTeam "Polonia Wroclaw"]
[BlackTeam "HETMAN Katowice"]
[TimeControl "30/5400+30:1800+30"]

1. e4 e5 2. Nc3 Nc6 3. g3 Bc5 4. Bg2 a6 5. d3 d6 6. Nge2 Nge7 7. O-O O-O 8. Nd5 f5 9. exf5 Bxf5 10. Be3 Bg4 11. Bxc5 dxc5 12. Ne3 Bh5 13. Qd2 Qd7 14. f4 Bxe2 15. Qxe2 exf4 16. Rxf4 Rxf4 17. gxf4 Rf8 18. Rf1 Nd4 19. Qh5 b6 20. Be4 Ndf5 21. Nxf5 Nxf5 22. Kh1 g6 23. Qh3 Qd4 24. c3 Qd6 25. Qf3 Kg7 26. a3 a5 27. Qh3 Qe7 28. Qf3 Nd6 29. Qg2 Kh8 30. Bd5 Qf6 31. Qg4 Re8 32. Qg5 Kg7 33. Qg4 Nf5 34. Qf3 Re3 35. Qf2 Rxd3 36. Be4 Rd7 37. Bg2 Re7 38. Re1 Qd6 39. Rxe7+ Qxe7 40. Bh3 Qe3 41. Qf1 Kf6 42. Bxf5 Kxf5 43. Qd1 Qf2 44. Qd7+ Ke4 45. h3 Qf1+ 46. Kh2 Qxf4+ 47. Kg2 Qg5+ 48. Kh2 Kf3 49. Qd1+ Kf2 50. Qc2+ Ke1 51. Qe4+ Kd2 52. c4 Qe3 53. Qd5+ Ke2 54. Qd7 Qf2+ 55. Kh1 Qf3+ 56. Kg1 Qg3+ 57. Kh1 h5 58. a4 g5 0-1

[Event "DMP Ekstraliga 2020"]
[Site "Krakow"]
[Date "2020.09.02"]
[Round "8.12"]
[White "Socko, Monika"]
[Black "Zawadzka, Jolanta"]
[Result "1/2-1/2"]
[ECO "A06"]
[WhiteElo "2428"]
[BlackElo "2419"]
[Annotator "ChessBase"]
[PlyCount "97"]
[EventDate "2020.08.26"]
[EventType "team-tourn"]
[EventCountry "POL"]
[SourceTitle "playchess.com"]
[Source "ChessBase"]
[SourceQuality "1"]
[WhiteTeam "HETMAN Katowice"]
[BlackTeam "Polonia Wroclaw"]
[TimeControl "30/5400+30:1800+30"]

1. Nf3 d5 2. g3 Nd7 3. d4 b5 4. Bg2 e6 5. O-O Ngf6 6. b3 Be7 7. Bb2 O-O 8. Nbd2 Rb8 9. a4 b4 10. c4 bxc3 11. Bxc3 c5 12. Qc2 Ba6 13. Rfe1 Qb6 14. a5 Qc7 15. Qb2 Rfc8 16. dxc5 Bxc5 17. e3 Qd6 18. e4 Ng4 19. Bd4 e5 20. Bh3 Bxd4 21. Nxd4 Nxf2 22. Kxf2 exd4 23. Bxd7 Qxd7 24. Qxd4 Qh3 25. Kg1 dxe4 26. Rxe4 Bb7 27. Re2 Qh6 28. Rae1 Qc6 29. Qe4 Qc5+ 30. Qe3 Qc6 31. Qe4 Qxe4 32. Nxe4 Bd5 33. Nd6 Rf8 34. Re7 a6 35. Ra7 Rxb3 36. Rxa6 Rb2 37. Nf5 Ba8 38. Ne3 f5 39. Ra7 Be4 40. Rc1 g5 41. Re7 Rf7 42. Rcc7 Rxe7 43. Rxe7 Ra2 44. Re5 Kf7 45. Nxf5 Kf6 46. Rxe4 Kxf5 47. Re7 Ra1+ 48. Kf2 h5 49. h3 1/2-1/2

[Event "DMP Ekstraliga 2020"]
[Site "Krakow"]
[Date "2020.09.02"]
[Round "8.18"]
[White "Sliwicka, Alicja"]
[Black "Worek, Joanna"]
[Result "1-0"]
[ECO "B56"]
[WhiteElo "2317"]
[BlackElo "2326"]
[Annotator "ChessBase"]
[PlyCount "111"]
[EventDate "2020.08.26"]
[EventType "team-tourn"]
[EventCountry "POL"]
[SourceTitle "playchess.com"]
[Source "ChessBase"]
[SourceQuality "1"]
[WhiteTeam "UKS 21 Podlesie"]
[BlackTeam "Silesia Raciborz"]
[TimeControl "30/5400+30:1800+30"]

1. e4 c5 2. Nf3 Nc6 3. d4 cxd4 4. Nxd4 Nf6 5. Nc3 d6 6. Nb3 a6 7. Be2 b5 8. a4 b4 9. Nd5 e6 10. Nxf6+ Qxf6 11. a5 Be7 12. O-O O-O 13. f4 Re8 14. e5 dxe5 15. Bf3 e4 16. Bxe4 Bb7 17. Qd7 Rab8 18. Bxc6 Red8 19. Qc7 Rdc8 20. Qxb7 Rxb7 21. Bxb7 Rxc2 22. Be4 Rc7 23. Rb1 g6 24. Be3 e5 25. Bd5 Bd6 26. Bb6 exf4 27. Bxc7 Bxc7 28. Rbc1 Qe5 29. Bf3 Bb8 30. Kh1 Ba7 31. Nd2 Qxb2 32. Nc4 Qf6 33. Rfd1 Bd4 34. Rb1 Bc3 35. Nd6 Qe7 36. Ne4 Bg7 37. Rdc1 Bf8 38. Rc6 Qd8 39. Rb6 Qd3 40. Rd1 Qc4 41. Ng5 Qc5 42. Bd5 Qc2 43. Re1 Qc3 44. Nf3 Qd3 45. Bxf7+ Kg7 46. Rb7 Kh6 47. Bg8 Bg7 48. Rxb4 Qd8 49. Rxf4 Bc3 50. Rc1 Bxa5 51. Bc4 Qd6 52. Rd4 Qf6 53. Rcd1 Qc6 54. Ne5 Qc7 55. Rd5 Qb6 56. Ng4+ 1-0

[Event "DMP Ekstraliga 2020"]
[Site "Krakow"]
[Date "2020.09.02"]
[Round "8.22"]
[White "Grabarczyk, Miroslaw"]
[Black "Nguyen, Piotr"]
[Result "1/2-1/2"]
[ECO "A40"]
[WhiteElo "2368"]
[BlackElo "2422"]
[Annotator "ChessBase"]
[PlyCount "182"]
[EventDate "2020.08.26"]
[EventType "team-tourn"]
[EventCountry "POL"]
[SourceTitle "playchess.com"]
[Source "ChessBase"]
[SourceQuality "1"]
[WhiteTeam "Hetman Plock"]
[BlackTeam "Dwie Wieze Krakow"]
[TimeControl "30/5400+30:1800+30"]

1. d4 g6 2. Nf3 Bg7 3. g3 c5 4. dxc5 Qa5+ 5. Nbd2 Qxc5 6. Bg2 Nf6 7. O-O d6 8. e4 O-O 9. c3 Nbd7 10. Qe2 Rb8 11. Nb3 Qc7 12. Re1 e5 13. Bg5 b5 14. Nfd2 h6 15. Be3 a6 16. a4 Nb6 17. axb5 axb5 18. Qxb5 Be6 19. Qa6 Nc4 20. Nxc4 Bxc4 21. Qa5 Rfc8 22. Qxc7 Rxc7 23. Nd2 Be6 24. h3 Rxb2 25. c4 Nd7 26. Reb1 Rxb1+ 27. Rxb1 f5 28. Rb4 Kf7 29. Ra4 Bf8 30. h4 Nc5 31. Bxc5 Rxc5 32. Ra7+ Kf6 33. h5 f4 34. hxg6 Kxg6 35. Bf1 Rc8 36. Ra6 Kf7 37. Be2 Be7 38. Kg2 Rb8 39. c5 Rb2 40. cxd6 Bd8 41. Bh5+ Kf6 42. d7 Ke7 43. Nf3 Bb6 44. Rxb6 Rxb6 45. Nxe5 fxg3 46. Kxg3 Bxd7 47. Nxd7 Kxd7 48. f4 Ke6 49. Bg4+ Kf6 50. e5+ Kg6 51. Bd7 Rb7 52. Ba4 Rc7 53. Kg4 h5+ 54. Kh4 Kf5 55. Bb5 Rc1 56. Bd7+ Kxf4 57. Kxh5 Kxe5 58. Kg6 Rg1+ 59. Kf7 Rf1+ 60. Kg7 Ra1 61. Bb5 Ra7+ 62. Kg6 Rb7 63. Bc4 Rb4 64. Be2 Rb6+ 65. Kg7 Rf6 66. Bd3 Ke6 67. Bc4+ Ke7 68. Bb3 Rf3 69. Bc4 Rg3+ 70. Kh7 Kf6 71. Bd5 Rg7+ 72. Kh8 Kg6 73. Be4+ Kf7 74. Bd5+ Kf8 75. Be4 Re7 76. Bc2 Re2 77. Bg6 Rg2 78. Be4 Rg4 79. Bc2 Rg3 80. Kh7 Kf7 81. Kh6 Kf6 82. Kh7 Rg7+ 83. Kh8 Rc7 84. Bd3 Kf7 85. Kh7 Kf6+ 86. Kg8 Rg7+ 87. Kh8 Kf7 88. Bc4+ Kf8 89. Bd3 Rg3 90. Be4 Rh3+ 91. Bh7 Kf7 1/2-1/2

[Event "DMP Ekstraliga 2020"]
[Site "Krakow"]
[Date "2020.09.02"]
[Round "8.24"]
[White "Bulmaga, Irina"]
[Black "Leks, Maria"]
[Result "1-0"]
[ECO "C58"]
[WhiteElo "2434"]
[BlackElo "2080"]
[Annotator "ChessBase"]
[PlyCount "109"]
[EventDate "2020.08.26"]
[EventType "team-tourn"]
[EventCountry "POL"]
[SourceTitle "playchess.com"]
[Source "ChessBase"]
[SourceQuality "1"]
[WhiteTeam "Hetman Plock"]
[BlackTeam "Dwie Wieze Krakow"]
[TimeControl "30/5400+30:1800+30"]

1. e4 e5 2. Nf3 Nc6 3. Bc4 Nf6 4. Ng5 d5 5. exd5 Na5 6. Bb5+ c6 7. dxc6 bxc6 8. Bd3 Be7 9. O-O h6 10. Ne4 Nd5 11. Ng3 O-O 12. Re1 f5 13. Be2 Bc5 14. c3 Qh4 15. d4 Bb6 16. c4 Bxd4 17. cxd5 f4 18. Nh1 cxd5 19. Bf3 Be6 20. Nc3 Rad8 21. Nb5 Nc6 22. Nxd4 Nxd4 23. Rxe5 Nxf3+ 24. Qxf3 Bg4 25. Qd3 f3 26. Ng3 Qf6 27. Qd4 fxg2 28. Be3 Bf3 29. Rf5 Qg6 30. Rxf3 Rxf3 31. Kxg2 Rf7 32. Rd1 Rfd7 33. b4 Qa6 34. Rd2 Qc4 35. Nh5 Qc6 36. Ng3 Qa6 37. h3 Qe6 38. a4 Rc8 39. Qg4 Qxg4 40. hxg4 Rc4 41. Rd4 Kf7 42. b5 Ke6 43. Ne2 g5 44. f4 Rc2 45. Kf3 Rf7 46. Rb4 Kd6 47. Nd4 Rc3 48. Nf5+ Kc7 49. Rd4 h5 50. fxg5 hxg4+ 51. Kxg4 Rc4 52. g6 Rf8 53. g7 Re8 54. Rxc4+ dxc4 55. Bd4 1-0

[Event "DMP Ekstraliga 2020"]
[Site "Krakow"]
[Date "2020.09.02"]
[Round "8.30"]
[White "Majdan, Joanna"]
[Black "Kiolbasa, Oliwia"]
[Result "1/2-1/2"]
[ECO "C77"]
[WhiteElo "2325"]
[BlackElo "2160"]
[Annotator "ChessBase"]
[PlyCount "84"]
[EventDate "2020.08.26"]
[EventType "team-tourn"]
[EventCountry "POL"]
[SourceTitle "playchess.com"]
[Source "ChessBase"]
[SourceQuality "1"]
[WhiteTeam "Wieza Pegow"]
[BlackTeam "Miedz Legnica"]
[TimeControl "30/5400+30:1800+30"]

1. e4 e5 2. Nf3 Nc6 3. Bb5 a6 4. Ba4 Nf6 5. d3 b5 6. Bb3 Be7 7. O-O d6 8. a3 O-O 9. Re1 Na5 10. Ba2 c5 11. c3 Nc6 12. Nbd2 Be6 13. Bxe6 fxe6 14. Nf1 Qc7 15. Ng3 Rae8 16. a4 Bd8 17. axb5 axb5 18. Qb3 Qb8 19. Ng5 d5 20. Be3 c4 21. dxc4 dxc4 22. Qd1 Bb6 23. h3 h6 24. Nf3 Rd8 25. Qe2 Rd3 26. Bxb6 Qxb6 27. Red1 Rfd8 28. Rxd3 Rxd3 29. Nf1 Qc5 30. Ra8+ Rd8 31. Ra6 Nd7 32. g4 Qd6 33. Qe3 Nc5 34. Rb6 Rb8 35. Rxb8+ Nxb8 36. g5 hxg5 37. Qxg5 Nxe4 38. Qg6 Nf6 39. Ng5 Qe7 40. Ne3 Qe8 41. Qxe8+ Nxe8 42. Nxe6 Kf7 1/2-1/2

[Event "DMP Ekstraliga 2020"]
[Site "Krakow"]
[Date "2020.09.03"]
[Round "9.2"]
[White "Bluebaum, Matthias"]
[Black "Dziuba, Marcin"]
[Result "1/2-1/2"]
[ECO "D47"]
[WhiteElo "2647"]
[BlackElo "2590"]
[Annotator "ChessBase"]
[PlyCount "94"]
[EventDate "2020.08.26"]
[EventType "team-tourn"]
[EventCountry "POL"]
[SourceTitle "playchess.com"]
[Source "ChessBase"]
[SourceQuality "1"]
[WhiteTeam "Stilon Gorzow"]
[BlackTeam "Wieza Pegow"]
[TimeControl "30/5400+30:1800+30"]

1. d4 d5 2. c4 c6 3. Nc3 Nf6 4. e3 e6 5. Nf3 Nbd7 6. Bd3 dxc4 7. Bxc4 b5 8. Bb3 b4 9. Ne2 Ba6 10. O-O Be7 11. Re1 c5 12. Ng3 cxd4 13. Nxd4 Qb6 14. Bc2 O-O 15. b3 Rfd8 16. Bb2 g6 17. Bd3 Bxd3 18. Qxd3 e5 19. Nf3 e4 20. Nxe4 Nc5 21. Nxc5 Rxd3 22. Nxd3 Ne4 23. Rac1 a5 24. Rc4 Nd6 25. Rc2 Rc8 26. Rxc8+ Nxc8 27. Rc1 Nd6 28. Nf4 Qb7 29. Rd1 Bf8 30. h4 Ne4 31. Ng5 Nc3 32. Rd8 Qe7 33. Rd3 Bg7 34. Nd5 Qc5 35. Nxc3 bxc3 36. Bxc3 Bxc3 37. Ne4 Qa3 38. Nxc3 Qc1+ 39. Nd1 Qc2 40. Rd8+ Kg7 41. a4 Qxb3 42. Rd4 Qc2 43. g3 h5 44. Kg2 Qc6+ 45. Kg1 Qc2 46. Kg2 Qc6+ 47. Kg1 Qc2 1/2-1/2